 Dungeon Crawl Stone Soup version 0.29-a0-284-gf9362112df (webtiles) character file.

Game seed: 921349354445325056

1114 siradein the Slasher (level 8, -1/69 HPs)
             Began as a Red Draconian Fighter on Mar 21, 2022.
             Was a Follower of Okawaru.
             Slain by an orc
             ... wielding a +0 flail
              (3 damage)
             ... on level 5 of the Dungeon.
             The game lasted 00:13:11 (6977 turns).

siradein the Slasher (Red Draconian Fighter)        Turns: 6977, Time: 00:13:12

Health: -1/69      AC:  7    Str: 18    XL:     8   Next: 12%
Magic:  10/10      EV: 16    Int: 11    God:    Okawaru [*.....]
Gold:   228        SH:  5    Dex: 11    Spells: 7/7 levels left

rFire   + . .      SeeInvis .   a - +0 long sword
rCold   + . .      Faith    .   b - +0 buckler
rNeg    . . .      Spirit   .   (body armour unavailable)
rPois   .          Reflect  .   (helmet restricted)
rElec   .          Harm     .   (no cloak)
rCorr   .          Rampage  .   d - +0 pair of gloves
Will    .....                   (no boots)
Stlth   +.........              (no amulet)
HPRegen 0.21/turn               h - ring of protection from cold
MPRegen 0.12/turn               m - +4 ring of evasion

@: short of breath
A: breathe fire, AC +6, unfitting armour, fire resistance 1, cold-blooded
a: Breathe Fire, Renounce Religion, Heroism


You were on level 5 of the Dungeon.
You worshipped Okawaru.
Okawaru was aware of your devotion.
You visited 1 branch of the dungeon, and saw 5 of its levels.

You collected 228 gold pieces.

Inventory:

Hand Weapons
 a - a +0 long sword (weapon)
 q - a +2 flail of venom
 w - a +0 dagger of venom
Missiles
 s - 7 poisoned darts (quivered)
Armour
 b - a +0 buckler (worn)
 d - a +0 pair of gloves (worn)
Jewellery
 h - a ring of protection from cold (left hand)
 m - a +4 ring of evasion (right hand)
Scrolls
 c - 2 scrolls of fear {unknown}
 e - 3 scrolls of amnesia {unknown}
 f - a scroll of teleportation {unknown}
 i - a scroll of magic mapping {unknown}
 l - a scroll of holy word {unknown}
 o - a scroll of brand weapon {unknown}
 p - a scroll of enchant armour {unknown}
 r - a scroll of noise {unknown}
 u - 2 scrolls of identify {unknown}
 v - a scroll of immolation {unknown}
 x - a scroll of torment {unknown}
Potions
 g - a potion of lignification {unknown}
 n - a potion of berserk rage {unknown}


   Skills:
 + Level 5.5 Fighting
 * Level 6.1 Long Blades
 + Level 4.5 Dodging
 + Level 5.0 Shields
 + Level 3.0 Invocations


You had 7 spell levels left.
You didn't know any spells.
Your spell library contained the following spells:

 Spells                   Type           Power      Damage    Failure   Level
 Pain                     Necr           0%         1d4       41%         1
 Scorch                   Fire           0%         2d5       56%         2
 Flame Wave               Conj/Fire      0%         2d4       99%         4
 Agony                    Necr           0%         N/A       100%        5
 Excruciating Wounds      Necr           0%         N/A       100%        5
 Summon Cactus Giant      Summ           Unusable   N/A       N/A         6

Dungeon Overview and Level Annotations

Branches:
Dungeon (5/15)
 Temple: D:4-7

Altars:
Kikubaaqudgha
Okawaru
Wu Jian
Zin

Shops:
D:2 [


Innate Abilities, Weirdness & Mutations

You can breathe blasts of fire.
Your fiery red scales are hard. (AC +6)
You cannot fit into any form of body armour.
Your flesh is heat resistant. (rF+)
You are cold-blooded and may be slowed by cold attacks.


Message History

You kill the orc!
Okawaru accepts your kill.
You hear some strange, mumbled words.
A magic dart appears from out of thin air!
The magic dart hits you.
* * * LOW HITPOINT WARNING * * *
The orc priest hits you but does no damage.
You miss something.
Your tail-slap misses something.
Something hits you.
* * * LOW HITPOINT WARNING * * *
The orc misses you. The orc priest barely misses you.
Unknown command.
You miss the orc priest.
Your tail-slap misses the orc priest.
The orc priest is almost dead.
The orc hits you with a +0 flail.
* * * LOW HITPOINT WARNING * * *
Something hits you but does no damage. The orc completely misses you.
The orc priest misses you.
You're too confused to move!
The orc misses you.
You hear some strange, mumbled words.
You are more confused.
The orc hits you with a +0 dagger.
* * * LOW HITPOINT WARNING * * *
The orc priest hits you but does no damage.
Unknown command.
You are too confused!
It was a potion of cancellation.
Your magical effects are unravelling.
You feel magically purged.
You feel less confused. The orc completely misses you. Something hits you.
* * * LOW HITPOINT WARNING * * *
You block the orc's attack. You block the orc priest's attack.
You barely miss the orc priest.
The orc priest is almost dead.
The orc misses you. You block something's attack. The orc closely misses you.
The orc priest miscasts a cantrip.
You barely miss the orc priest.
The orc priest is almost dead.
The orc hits you with a +0 flail.
You die...

#....... #...... ###
####.....# #..##
##........# #...#
##.........#
#..###..........#
#...##.......o{.#
##..#........o@#
####...........o##
..#......>.......###
....##.............####
...###.....##.........###
#o##
#########..###+##..###
.)# ##.# ##...#### .##
### #......#### o# #.
####...[..#


You could see an orc priest and 2 orcs.

Vanquished Creatures
  Sigmund (D:2)
  A steam dragon (D:4)
  An orc warrior (D:5)
  2 ogres (D:4)
  Blork the orc (D:3)
  A howler monkey (D:4)
  2 hounds
  Natasha (thrice) (D:4)
  2 iguanas
  4 orc wizards
  A gnoll (D:4)
  4 adders
  A white imp (D:4)
  An ufetubus (D:4)
  A worm (D:4)
  29 orcs
  8 ball pythons
  5 endoplasms
  5 giant cockroaches
  10 goblins
  5 hobgoblins
  A jackal (D:4)
  2 quokkas
  4 bats
  2 frilled lizards (D:1)
  9 kobolds
  6 rats
112 creatures vanquished.

Notes
Turn   | Place    | Note
-------+----------+-------------------------------------------
     0 | D:1      | siradein the Draconian Fighter began the quest for the Orb.
     0 | D:1      | Reached XP level 1. HP: 19/19 MP: 1/1
     2 | D:1      | Noticed a minotaur
     2 | D:1      | Noticed a vine stalker
     4 | D:1      | Noticed a merfolk
     4 | D:1      | Noticed a demonspawn
     6 | D:1      | Noticed a felid
     8 | D:1      | Noticed a naga
    10 | D:1      | Noticed a vampire
    12 | D:1      | Noticed an octopode
    12 | D:1      | Noticed a troll
    14 | D:1      | Noticed a spriggan
    16 | D:1      | Noticed a ghoul
    16 | D:1      | Noticed a human
    18 | D:1      | Noticed an ogre
    20 | D:1      | Noticed a dwarf
    20 | D:1      | Noticed a draconian
    22 | D:1      | Noticed a demigod
    22 | D:1      | Noticed a tengu
    24 | D:1      | Noticed a formicid
    24 | D:1      | Noticed an elf
    26 | D:1      | Noticed a gargoyle
   107 | D:1      | Reached XP level 2. HP: 26/26 MP: 2/2
   431 | D:1      | Found a faded altar of an unknown god.
  1186 | D:2      | Reached XP level 3. HP: 15/31 MP: 3/3
  1824 | D:2      | Noticed Sigmund
  1843 | D:2      | Killed Sigmund
  1844 | D:2      | Reached skill level 3 in Long Blades
  1844 | D:2      | Reached XP level 4. HP: 21/40 MP: 4/4
  1844 | D:2      | Reached XP level 5. HP: 24/46 MP: 5/5
  2226 | D:2      | Found Nuleaka's Armour Boutique.
  2329 | D:3      | Found an iron altar of Okawaru.
  2342 | D:3      | Became a worshipper of Warmaster Okawaru
  2783 | D:3      | Reached skill level 4 in Long Blades
  3771 | D:4      | Found an ancient bone altar of Kikubaaqudgha.
  3797 | D:4      | Noticed an ogre
  3899 | D:4      | Noticed Blork the orc
  4092 | D:4      | Killed an ogre
  4093 | D:4      | Reached skill level 1 in Invocations
  4093 | D:4      | Reached XP level 6. HP: 23/53 MP: 6/6
  5242 | D:3      | Killed Blork the orc
  5546 | D:4      | Noticed Natasha
  5553 | D:4      | Killed Natasha
  5554 | D:4      | Your scales start taking on a fiery red colour.
  5554 | D:4      | Reached XP level 7. HP: 46/60 MP: 8/8
  5554 | D:4      | Gained mutation: Your flesh is heat resistant. (rF+) [Red
                  | Draconian growth]
  5710 | D:4      | Reached skill level 5 in Long Blades
  5805 | D:4      | Noticed a steam dragon
  5820 | D:4      | Killed a steam dragon
  5821 | D:4      | Reached skill level 5 in Fighting
  5990 | D:4      | Noticed Natasha
  5995 | D:4      | Killed Natasha
  5995 | D:4      | Reached * piety under Okawaru
  6483 | D:4      | Noticed Natasha
  6493 | D:4      | Killed Natasha
  6767 | D:5      | Entered Level 5 of the Dungeon
  6774 | D:5      | Found a glowing silver altar of Zin.
  6774 | D:5      | Noticed an angel
  6811 | D:5      | Found an ornate altar of the Wu Jian Council.
  6826 | D:5      | Reached XP level 8. HP: 69/69 MP: 10/10
  6935 | D:5      | Reached skill level 6 in Long Blades
  6935 | D:5      | Reached skill level 5 in Shields
  6974 | D:5      | HP: 3/69 [orc/+0 dagger (1)]
  6975 | D:5      | HP: 1/69 [something (2)]
  6977 | D:5      | Slain by an orc

Illustrated notes

Levels and vault maps discovered:
D:1:      kb_arrival_jail, layout_rooms, serial_rivers,
          chequers_serial_rivers_marsh, chequers_serial_rivers_small_3,
          chequers_serial_rivers_marsh, chequers_serial_rivers_room_a,
          chequers_serial_rivers_small_b, shapermc_ecumenical_altar_pompeii
D:2:      layout_basic, serial_shops, shop, wad_orctagon, uniq_sigmund
D:3:      layout_basic, okawaru_gym_becter, serial_co_window_serial,
          co_window_paths_a, co_window_paths_a, co_window_paths_a,
          co_window_paths_b, co_window_paths_a, co_window_paths_b,
          co_window_paths_c, co_window_paths_c, co_window_unsneaky_path_e,
          co_window_of_opportunity_b, co_window_cross_3,
          co_window_of_opportunity_b, co_window_paths_d, co_window_4corner_a,
          glass_columns_b, glass_columns_a, glass_columns_b, glass_columns_c,
          glass_columns_c
D:4:      wad_river_or_something, layout_basic, mainiacjoe_overflow_catwalk,
          uniq_natasha, uniq_blork_the_orc
D:5:      layout_cave_pods, zin_angel, makhleb_grotto_becter,
          yredelemnul_forgotten_temple_becter, old_standard_altar, slow_altar_2,
          nicolae_ru_sacrificial_ziggurat, enter_ossuary_5,
          biasface_ghost_orc_armoury, minmay_hedge_maze

Skill      XL: |  1  2  3  4  5  6  7  8 |
---------------+-------------------------+-----
Dodging        | 3 4 |  4.5
Fighting       | 4 5 |  5.5
Long Blades    | 3 4 5 6 |  6.1
Shields        | 4 5 |  5.0
Invocations    | 1 2 3 |  3.0

Action                   |  1- 3 |  4- 6 |  7- 9 || total
-------------------------+-------+-------+-------++-------
Melee: Long sword        |    91 |   116 |    90 ||   297
       Tailslap          |     4 |    16 |    11 ||    31
       Flail             |       |    27 |     8 ||    35
Throw: Dart              |       |     3 |       ||     3
 Abil: Breathe Fire      |       |       |    17 ||    17
  Use: Potion            |     1 |     1 |     4 ||     6
 Stab: Sleeping          |       |     1 |       ||     1
Armor: Skin              |    31 |    53 |    42 ||   126
Dodge: Dodged            |    52 |   106 |   136 ||   294
Block: Buckler           |    21 |    25 |    43 ||    89

Table legend: (Time is in decaauts)
 A = Elapsed time spent in this place.
 B = Non-inter-level travel time spent in this place.
 C = Inter-level travel time spent in this place.
 D = Time resting spent in this place.
 E = Time spent auto-exploring this place.
 F = Levels seen in this place.
 G = Mean time per level.
                   A        B        C        D        E       F      G
               +--------+--------+--------+--------+--------+-----+--------+
         Total |   7083 |   6862 |    221 |   1686 |   3691 |   5 | 1416.6 |
       Dungeon |   7083 |   6862 |    221 |   1686 |   3691 |   5 | 1416.6 |
               +--------+--------+--------+--------+--------+-----+--------+

Top non-repeatable levels by time:
     D:3: 2698 daAuts
     D:2: 1776 daAuts
     D:4: 1599 daAuts
     D:1: 797 daAuts
     D:5: 211 daAuts
